 Dungeon Crawl Stone Soup version 0.31-a0-5-g84e6b3452c (webtiles) character file.

Game seed: 17884037445197147331

1701 Zadymka the Covered (level 9, -2/75 HPs)
             Began as a Hill Orc Fighter on May 5, 2023.
             Was an Initiate of Beogh.
             Slain by a gnoll sergeant
             ... wielding a +1 heavy spear
              (22 damage)
             ... on level 6 of the Dungeon.
             The game lasted 00:11:52 (7414 turns).

Zadymka the Covered (Hill Orc Fighter)              Turns: 7414, Time: 00:11:53

Health: -2/75      AC:  7    Str: 23    XL:     9   Next: 3%
Magic:  9/9        EV: 10    Int:  8    God:    Beogh [......]
Gold:   204        SH:  6    Dex: 10    Spells: 8/8 levels left

rFire   . . .        f - +2 short sword (venom)
rCold   . . .        c - +1 buckler
rNeg    . . .        b - +0 scale mail
rPois   .            (no helmet)
rElec   .            t - scarf {harm}
rCorr   .            (no gloves)
SInv    +            (no boots)
Will    .....        u - amulet of magic regeneration Stlth
                     w - ring of see invisible
HPRegen 0.32/turn    (no ring)
MPRegen 0.51/turn

%: harm (+30% outgoing, +20% incoming)
@: mighty
A: no striking features
a: Renounce Religion


You were on level 6 of the Dungeon.
You worshipped Beogh.
Beogh was noncommittal.
You visited 1 branch of the dungeon, and saw 7 of its levels.

You collected 204 gold pieces.

Inventory:

Hand Weapons
 a - a +0 war axe
 f - a +2 short sword of venom (weapon)
Missiles
 q - a throwing net
Armour
 b - a +0 scale mail (worn)
 c - a +1 buckler (worn)
 t - a scarf of harm (worn)
Jewellery
 m - an amulet of guardian spirit
 u - an amulet of magic regeneration (around neck)
 w - a ring of see invisible (left hand)
Wands
 n - a wand of flame (5) (quivered)
 p - a wand of iceblast (14)
Scrolls
 g - 4 scrolls of enchant armour
 h - a scroll of immolation {unknown}
 i - 2 scrolls of teleportation
 k - a scroll of noise {unknown}
 o - a scroll of torment {unknown}
 r - a scroll of silence {unknown}
 x - a scroll of butterflies {unknown}
 y - a scroll of brand weapon {unknown}
Potions
 d - 2 potions of might
 e - 2 potions of flight
 j - 2 potions of attraction
 l - 2 potions of lignification
 s - a potion of brilliance
 v - a potion of mutation {unknown}
 z - 2 potions of resistance {unknown}
 A - a potion of magic {unknown}


   Skills:
 + Level 6.1 Fighting
 + Level 5.6 Short Blades
 + Level 3.3 Axes
 + Level 7.1 Armour
 + Level 3.3 Dodging
 + Level 1.0 Stealth
 + Level 5.4 Shields
 + Level 1.0 Evocations


You had 8 spell levels left.
You didn't know any spells.
Your spell library contained the following spells:

 Spells                   Type           Power      Damage    Failure   Level
 Cigotuvi's Dreadful Rot  Necr/Pois/Air  0%         N/A       87%         2
 Dispel Undead            Necr           0%         3d6       100%        4
 Death Channel            Necr           0%         N/A       100%        6


Dungeon Overview and Level Annotations

Branches:
Dungeon (7/15)             Temple (0/1) D:5

Altars:
Gozag
Kikubaaqudgha
Makhleb
Yredelemnul


Message History

The orc wizard dies!
You block the gnoll's attack. The hound barely misses you. x2
A black bear comes into view.
The gnoll hits you with a +0 club. The gnoll attacks as you move away!
The gnoll hits you with a +0 club. The hound bites you but does no damage.
The gnoll attacks as you move away! The gnoll hits you with a +0 club.
You block the hound's attack. The hound attacks as you move away!
You block the hound's attack. The hound bites you but does no damage.
The hound looks more healthy.
The gnoll looks more healthy.
The hound bites you but does no damage.
You hit the hound.
The hound is poisoned.
The hound is severely wounded.
The hound barely misses you.
You barely miss the hound.
The hound is severely wounded.
The hound bites you but does no damage.
You hit the hound.
The hound looks as sick as possible!
The hound is almost dead.
You kill the hound!
Beogh accepts your kill.
Your Evocations skill increases to level 1!
You closely miss the ice beast. The ice beast hits you.
The ice beast freezes you.
You hit the ice beast.
The ice beast is lightly wounded.
The gnoll sergeant hits you from afar with a +1 heavy spear!
* * * LOW HITPOINT WARNING * * *
The ice beast barely misses you.
You feel very mighty all of a sudden. You block the ice beast's attack.
The gnoll sergeant closely misses you.
You hit the ice beast.
The ice beast is moderately wounded.
You barely miss the ice beast.
The ice beast is moderately wounded.
The ice beast hits you but does no damage.
The gnoll sergeant hits you from afar with a +1 heavy spear!!
You die...

#.# #.##.# #.##.#
##.##.# #...#.#
#...#.# #...#.#
##.##.# ###
#.##@# #.. ##
#.##Y# #.# ..
#.##g# #.# $
#.##g# #.# ...
#.##g####.###....
##
#.##....g.)>)o.h#
#.
#..รท....g.).<#
...
#########.##.#
##. #.#


You could see an ice beast, a gnoll sergeant and 2 gnolls.

Vanquished Creatures
  The ghost of Beaer the Covert, a novice SpBr of Okawaru (D:5)
  Eustachio (D:4)
  A yak (D:6)
  A black bear (D:6)
  An ogre (D:4)
  2 centaurs
  A bullfrog (D:5)
  A gnoll sergeant (D:6)
  3 hounds
  A gnoll bouda (D:5)
  Crazy Yiuf (D:4)
  Ijyb (D:4)
  5 iguanas
  Natasha (thrice) (D:4)
  14 gnolls
  13 adders
  2 ufetubi (D:5)
  4 worms
  A dart slug (D:4)
  4 orcs
  7 endoplasms
  3 giant cockroaches
  9 goblins
  9 hobgoblins
  2 jackals (D:2)
  5 kobolds
  2 quokkas (D:3)
  7 ball pythons
  7 bats
  3 frilled lizards (D:1)
  5 rats
120 creatures vanquished.

Vanquished Creatures (others)
  A black bear (D:6)
  3 orc wizards (D:6)
  A gnoll (D:6)
  A goblin (D:4)
6 creatures vanquished.

Grand Total: 126 creatures vanquished

Notes
Turn   | Place    | Note
-------+----------+-------------------------------------------
     0 | D:1      | Zadymka the Hill Orc Fighter began the quest for the Orb.
     0 | D:1      | Reached XP level 1. HP: 19/19 MP: 1/1
   182 | D:1      | Reached XP level 2. HP: 27/27 MP: 2/2
   668 | D:2      | Reached XP level 3. HP: 27/33 MP: 3/3
   701 | D:2      | Reached skill level 4 in Armour
   764 | D:2      | Reached XP level 4. HP: 31/40 MP: 4/4
  1110 | D:2      | HP: 2/41 [gnoll/+0 club (2)]
  1113 | D:2      | Reached skill level 1 in Short Blades
  1113 | D:2      | Reached XP level 5. HP: 3/47 MP: 5/5
  1569 | D:2      | Found a faded altar of an unknown god.
  1787 | D:3      | Found a basalt altar of Yredelemnul.
  1957 | D:3      | Found a burning altar of Makhleb.
  2755 | D:4      | Noticed Natasha
  2756 | D:4      | Noticed Ijyb
  2766 | D:4      | Killed Natasha
  2785 | D:4      | Killed Ijyb
  2786 | D:4      | Reached skill level 1 in Dodging
  2786 | D:4      | Reached XP level 6. HP: 19/53 MP: 6/6
  3077 | D:4      | Noticed Eustachio
  3096 | D:4      | Killed Eustachio
  3097 | D:4      | Reached skill level 5 in Armour
  3374 | D:4      | You fall into a shaft and drop 1 floor!
  3374 | D:5      | Entered Level 5 of the Dungeon
  3376 | D:5      | Found an ancient bone altar of Kikubaaqudgha.
  3385 | D:5      | Reached XP level 7. HP: 55/60 MP: 7/7
  3419 | D:5      | Found a staircase to the Ecumenical Temple.
  3472 | D:5      | Reached skill level 5 in Fighting
  4158 | D:5      | Found an opulent altar of Gozag.
  4195 | D:4      | Noticed Natasha
  4207 | D:4      | Killed Natasha
  4218 | D:4      | Noticed Natasha
  4234 | D:4      | Killed Natasha
  5117 | D:4      | Found a runed translucent door.
  5118 | D:4      | Noticed Crazy Yiuf
  5272 | D:4      | Killed Crazy Yiuf
  5607 | D:5      | Reached XP level 8. HP: 39/68 MP: 8/8
  5883 | D:5      | Reached skill level 6 in Armour
  5971 | D:5      | Found a runed translucent gate.
  5971 | D:5      | Found a runed translucent gate.
  5973 | D:5      | Found a runed translucent gate.
  5975 | D:5      | Noticed Beaer's ghost (novice SpBr)
  6249 | D:5      | Killed Beaer's ghost
  6363 | D:5      | Reached skill level 5 in Shields
  6497 | D:6      | Noticed a yak
  6501 | D:6      | Noticed a yak
  6543 | D:6      | Killed a yak
  6544 | D:6      | Reached skill level 5 in Short Blades
  7076 | D:6      | Reached skill level 7 in Armour
  7076 | D:6      | Reached XP level 9. HP: 42/75 MP: 9/9
  7387 | D:6      | Became a worshipper of Beogh the Brigand
  7396 | D:6      | Reached skill level 1 in Stealth
  7410 | D:6      | Reached skill level 1 in Evocations
  7414 | D:6      | Slain by a gnoll sergeant

Illustrated notes

Levels and vault maps discovered:
D:1:      dpeg_arrival_stonehenge_8_columns, layout_basic
D:2:      layout_loops_ring, shapermc_ecumenical_altar_mp_highgroup
D:3:      layout_basic, mainiacjoe_overflow_alcove_2, old_standard_altar
D:4:      layout_basic, st_stairs_8, uniq_eustachio, uniq_crazy_yiuf_cottage,
          uniq_natasha, uniq_ijyb
D:5:      layout_basic, lemuel_round_altar, lemuel_tele_altar,
          minmay_temple_entry_mist, ebering_ghost_rock_garden, st_stairs_5
D:6:      layout_loops_ring
D:7:      layout_gridville, uniq_prince_ribbit1, uniq_pikel

Skill      XL: |  1  2  3  4  5  6  7  8  9 |
---------------+----------------------------+-----
Fighting       | 4 5 6 |  6.1
Armour         | 4 5 7 |  7.1
Axes           | 3 |  3.3
Shields        | 4 5 |  5.4
Short Blades   | 1 2 3 4 5 |  5.6
Dodging        | 1 2 3 |  3.3
Stealth        | 1 |  1.0
Evocations     | 1 |  1.0

Action                     |  1- 3 |  4- 6 |  7- 9 || total
---------------------------+-------+-------+-------++-------
  Melee: Short sword       |    78 |   181 |   277 ||   536
         War axe           |     3 |       |       ||     3
  Throw: Throwing net      |       |     1 |       ||     1
 Invoke: Convert to Beogh  |       |       |     1 ||     1
  Evoke: Wand              |       |     4 |     4 ||     8
    Use: Scroll            |       |     3 |     3 ||     6
         Potion            |       |       |     1 ||     1
 Armour: Scale mail        |    32 |    80 |    90 ||   202
  Dodge: Dodged            |    34 |    66 |    99 ||   199
  Block: Buckler           |    24 |    38 |    77 ||   139

Table legend: (Time is in decaauts)
 A = Elapsed time spent in this place.
 B = Non-inter-level travel time spent in this place.
 C = Inter-level travel time spent in this place.
 D = Time resting spent in this place.
 E = Time spent auto-exploring this place.
 F = Levels seen in this place.
 G = Mean time per level.
                   A        B        C        D        E       F      G
               +--------+--------+--------+--------+--------+-----+--------+
         Total |   7360 |   7183 |    177 |   2078 |   3618 |   7 | 1051.4 |
       Dungeon |   7360 |   7183 |    177 |   2078 |   3618 |   7 | 1051.4 |
               +--------+--------+--------+--------+--------+-----+--------+

Top non-repeatable levels by time:
     D:5: 1818 daAuts
     D:4: 1598 daAuts
     D:3: 1239 daAuts
     D:2: 1107 daAuts
     D:6: 700 daAuts
     D:1: 657 daAuts
     D:7: 238 daAuts
